 Dungeon Crawl Stone Soup version 0.19-a0-1007-g133f65f (webtiles) character file.

88 4thArraOfDagon the Ruffian (level 4, 3/38 HPs)
             Began as a Draconian Abyssal Knight on July 19, 2016.
             Was a Follower of Lugonu.
             Quit the game on level 4 of the Dungeon.
             The game lasted 00:05:31 (1126 turns).

4thArraOfDagon the Ruffian (DrAK)                   Turns: 1126, Time: 00:05:31

Health: 3/38       AC:  5    Str: 14    XL:     4   Next: 30%
Magic:  6/6        EV: 12    Int: 14    God:    Lugonu [*.....]
Gold:   52         SH:  0    Dex: 10    Spells: 0 memorised, 3 levels left

rFire  . . .     SeeInvis .       - Unarmed
rCold  . . .     Gourm    .     (armour unavailable)
rNeg   . . .     Faith    .     (no shield)
rPois  .         Spirit   .     (helmet restricted)
rElec  .         Dismiss  .     (no cloak)
rCorr  .         Reflect  .     (no gloves)
SustAt .         Harm     .     (no boots)
MR     .....                    c - amulet of inaccuracy (curse)
Stlth  +.........               (no ring)
                                (no ring)

@: lethally poisoned (3 -> -4), very slightly contaminated, not resistant to
hostile enchantments, very unstealthy
A: unfitting armour, cold-blooded, AC +5
a: Depart the Abyss, Renounce Religion


You were on level 4 of the Dungeon.
You worshipped Lugonu.
Lugonu was aware of your devotion.
You were near starving.

You visited 1 branch of the dungeon, and saw 7 of its levels.
You visited the Abyss 1 time.

You collected 52 gold pieces.

Inventory:

Jewellery
 c - a cursed amulet of inaccuracy (around neck)
Scrolls
 b - a scroll of identify
 d - a scroll of enchant armour
 e - a scroll of remove curse
Comestibles
 a - a bread ration


   Skills:
 - Level 3.2 Fighting
 + Level 2.9 Dodging
 * Level 3.5 Unarmed Combat
 + Level 2.9 Invocations


You had 3 spell levels left.
You didn't know any spells.

Dungeon Overview and Level Annotations

Branches:
Dungeon (7/15)
 Temple: D:4-7

Altars:
Kikubaaqudgha
Okawaru

Shops:
D:6 }

Annotations:
D:2 1 exclusion
D:3 4thArraOfDagon's ghost, amateur DrAK
D:7 Pikel


Innate Abilities, Weirdness & Mutations

Your plain brown scales are hard. (AC +5)
Your body does not fit into most forms of armour.
You are cold-blooded and may be slowed by cold attacks.


Message History

You barely miss the worker ant.
The worker ant is heavily wounded.
The worker ant bites you but does no damage.
The ogre barely misses you.
Unknown command.
You barely miss the worker ant.
The worker ant is heavily wounded.
The worker ant closely misses you. The ogre closely misses you.
Unknown command.
You hit the worker ant.
The worker ant is heavily wounded.
The worker ant bites you.
* * * LOW HITPOINT WARNING * * *
The worker ant bites you.
* * * LOW HITPOINT WARNING * * *
You are lethally poisoned!
The worker ant poisons you!
Unknown command.
Unknown command.
Are you sure you want to abandon this character and quit the game? (Confirm with "yes".)

############...
#.....O@a.....#
.
#.###########.#
###.####.####
#<#
............#
#.#
###.#.......#
#.# #.#
#....>..# #.#
#.# #.......#
#.# #.## #
#.<........ #.#
#.##.###
#.......##.#
#.# #.##....


You could see an ogre (inner flame) and a worker ant (inner flame).

Vanquished Creatures
  A giant frog skeleton (D:6)
  A hound (D:4)
  A shadow imp (D:6)
  A dart slug (D:3)
  2 orcs (D:3)
  3 bats
  2 giant cockroaches
  3 goblins
  A hobgoblin (D:1)
  2 giant newts
  3 kobolds
  2 rats
22 creatures vanquished.

Vanquished Creatures (others)
  A yak (D:4)
1 creature vanquished.

Grand Total: 23 creatures vanquished

Notes
Turn   | Place    | Note
-------+----------+-------------------------------------------
     0 | Abyss:1  | 4thArraOfDagon the Draconian Abyssal Knight began the quest for the Orb.
     0 | Abyss:1  | Reached XP level 1. HP: 19/19 MP: 2/2
    61 | Abyss:2  | Noticed a small abomination
    75 | Abyss:2  | Noticed a large abomination
    81 | Abyss:2  | Noticed a small abomination
   105 | D:1      | Escaped the Abyss
   190 | D:2      | You fall through a shaft!
   193 | D:3      | Noticed 4thArraOfDagon's ghost (amateur DrAK)
   298 | D:1      | Reached XP level 2. HP: 24/26 MP: 3/3
   403 | D:3      | Reached * piety under Lugonu
   606 | D:4      | Killed a yak
   645 | D:4      | Reached XP level 3. HP: 5/31 MP: 4/4
   831 | D:4      | Found an ancient bone altar of Kikubaaqudgha.
   850 | D:4      | You fall through a shaft for 2 floors!
   867 | D:6      | Reached XP level 4. HP: 31/38 MP: 4/6
   941 | D:6      | Found Jaorumnu's Gadget Shop.
   980 | D:7      | Noticed Pikel
   980 | D:7      | Noticed a slave
   980 | D:7      | Noticed a slave
   980 | D:7      | Noticed a slave
   980 | D:7      | Noticed a slave
  1039 | D:5      | Entered Level 5 of the Dungeon
  1060 | D:5      | Found an iron altar of Okawaru.
  1106 | D:4      | Noticed an ogre
  1126 | D:4      | Quit the game

Vault maps used:
D:1:      kennysheep_arrival_forest
D:2:      nemelex_xobeh_ov_fountains_minmay, marbit_many_paths
D:3:      wad_pebble_path, first_bread, serial_bayou_lake_a
D:4:      gammafunk_pakellas_statue_experiment, kiku_gazebo_pond_becter
D:5:      grunt_gozag_breadcrumbs, nicolae_overflow_hidden_temple,
          okawaru_gym_becter, uniq_menkaure
D:6:      kennysheep_mini_moat, serial_shops, shop, serial_bayou_ford_a
D:7:      minitemple, serial_shops, shop, shop, shop, uniq_pikel
Abyss:2:  evilmike_abyss_exit_10, onia_ninara_dug_in_and_dangerous

Skill      XL: |  1  2 |
---------------+-------+-----
Unarmed Combat | 3 |  3.5
Fighting       | |  3.2
Dodging        | |  2.9
Invocations    | |  2.9

Action                   |  1- 3 |  4- 6 || total
-------------------------+-------+-------++-------
Melee: Unarmed           |   113 |    30 ||   143
       Tailslap          |     9 |     1 ||    10
       Punch             |     2 |       ||     2
Invok: Depart the Abyss  |     1 |       ||     1
  Use: Scroll            |     3 |     1 ||     4
       Potion            |     1 |     1 ||     2
 Stab: Sleeping          |     1 |       ||     1
Armor: Skin              |    53 |     6 ||    59
Dodge: Dodged            |   123 |    24 ||   147
